General information
- name: BNet
- type: Ladder team game (AT/RT)
- host: Battle.net
- saver: Bromeister
map: Typhoon
- players: 6
- length: 08:36
- speed: Fast
- version: 1.26 W3XP
- replay type: Public
» download(39 KB)
Players
team 1 (winner)
Bromeister (
purple | 65 APM | 557 actions | 08:36)
2 Far Seer
1 Feral Spirit
1 Chain Lighting
» actions
| Assign group hotkey | 2 | |
| Basic commands | 2 | |
| Build / train | 19 | |
| Enter build submenu | 29 | |
| Enter hero's abilities submenu | 2 | |
| Remove unit from queue | 6 | |
| Right click | 298 | |
| Select / deselect | 122 | |
| Select group hotkey | 45 | |
| Use ability | 32 | |
557 total
» units
» upgrades
| Spiked Barricades | 1 | |
| Ranged Weapons | 1 | |
2 total
» buildings
| War Mill | 1 | |
| Orc Burrow | 3 | |
| Watch Tower | 16 | |
| Altar of Storms | 1 | |
| Voodoo Lounge | 1 | |
| Stronghold | 1 | |
23 total
» build order
00:08 War Mill
01:07 Orc Burrow
01:34 Watch Tower
01:53 Watch Tower
01:56 Watch Tower
02:14 Altar of Storms
02:38 Watch Tower
03:01 Watch Tower
03:19 Watch Tower
03:22 Watch Tower
03:33 Watch Tower
03:46 Watch Tower
04:01 Watch Tower
04:51 Watch Tower
05:05 Watch Tower
05:08 Watch Tower
05:35 Voodoo Lounge
05:56 Watch Tower
06:42 Watch Tower
06:44 Stronghold
06:51 Orc Burrow
07:10 Watch Tower
07:57 Orc Burrow
myudoicp (
red | 45 APM | 383 actions | 08:35)
3 Priestess of the Moon
2 Trueshot Aura
1 Searing Arrows
» actions
| Assign group hotkey | 12 | |
| Basic commands | 7 | |
| Build / train | 36 | |
| ESC pressed | 1 | |
| Enter build submenu | 10 | |
| Enter hero's abilities submenu | 3 | |
| Right click | 156 | |
| Select / deselect | 61 | |
| Select group hotkey | 76 | |
| Use ability | 21 | |
383 total
» units
» upgrades
| Ultravision | 1 | |
| Strength of the Moon | 1 | |
| Moon Armor | 1 | |
| Improved Bows | 1 | |
4 total
» buildings
| Moon Well | 4 | |
| Altar of Elders | 1 | |
| Ancient of War | 1 | |
| Ancient of Wonders | 1 | |
| Tree of Ages | 1 | |
| Hunter's Hall | 1 | |
| Ancient of Wind | 2 | |
11 total
» build order
00:22 Moon Well
00:39 Altar of Elders
00:42 Ancient of War
02:06 Moon Well
02:26 Ancient of Wonders
02:59 Moon Well
05:10 Tree of Ages
05:13 Hunter's Hall
06:34 Moon Well
07:41 Ancient of Wind
07:41 Ancient of Wind

»
boss19 (
pink | 32 APM | 274 actions | 08:35)
3 Mountain King
2 Storm Bolt
1 Bash
» actions
| Build / train | 31 | |
| Enter build submenu | 15 | |
| Enter hero's abilities submenu | 3 | |
| Right click | 102 | |
| Select / deselect | 105 | |
| Use ability | 18 | |
274 total
» units
» upgrades
» buildings
| Altar of Kings | 1 | |
| Farm | 8 | |
| Barracks | 1 | |
| Scout Tower | 2 | |
| Arcane Tower | 1 | |
| Lumber Mill | 1 | |
| Guard Tower | 3 | |
| Blacksmith | 1 | |
| Keep | 1 | |
19 total
» build order
00:08 Altar of Kings
00:11 Farm
00:21 Barracks
00:29 Scout Tower
01:14 Arcane Tower
02:09 Lumber Mill
02:26 Farm
02:37 Scout Tower
03:11 Guard Tower
03:12 Guard Tower
03:12 Guard Tower
03:49 Farm
03:56 Farm
04:59 Farm
05:12 Blacksmith
05:43 Farm
06:16 Keep
06:20 Farm
07:03 Farm
team 2 (loser)
Vicious916 (
green | 40 APM | 340 actions | 08:34)
1 Shadow Hunter
1 Healing Wave
» actions
| Assign group hotkey | 1 | |
| Basic commands | 4 | |
| Build / train | 24 | |
| Enter build submenu | 11 | |
| Enter hero's abilities submenu | 1 | |
| Right click | 140 | |
| Select / deselect | 135 | |
| Select group hotkey | 1 | |
| Use ability | 23 | |
340 total
» units
| Peon | 8 | |
| Grunt | 7 | |
| Troll Headhunter/Berserker | 4 | |
19 total
» upgrades
» buildings
| Altar of Storms | 1 | |
| Orc Burrow | 5 | |
| Barracks | 1 | |
| War Mill | 1 | |
| Stronghold | 1 | |
| Voodoo Lounge | 1 | |
| Spirit Lodge | 1 | |
11 total
» build order
00:05 Altar of Storms
00:25 Orc Burrow
00:43 Barracks
02:01 Orc Burrow
02:55 Orc Burrow
02:59 Orc Burrow
03:57 War Mill
04:23 Stronghold
05:45 Voodoo Lounge
06:25 Orc Burrow
07:15 Spirit Lodge
PoorTeam (
blue | 75 APM | 335 actions | 04:27)
2 Archmage
1 Summon Water Elemental
1 Brilliance Aura
» actions
| Assign group hotkey | 4 | |
| Basic commands | 15 | |
| Build / train | 22 | |
| ESC pressed | 2 | |
| Enter build submenu | 9 | |
| Enter hero's abilities submenu | 2 | |
| Right click | 122 | |
| Select / deselect | 104 | |
| Select group hotkey | 40 | |
| Use ability | 15 | |
335 total
» units
» buildings
| Altar of Kings | 1 | |
| Farm | 3 | |
| Barracks | 1 | |
| Blacksmith | 1 | |
| Scout Tower | 1 | |
| Arcane Tower | 1 | |
8 total
» build order
00:11 Altar of Kings
00:21 Farm
01:12 Barracks
01:19 Blacksmith
01:30 Farm
01:39 Scout Tower
02:25 Arcane Tower
02:48 Farm
BiGi (
yellow | 62 APM | 288 actions | 04:37)
1 Tauren Chieftain
1 Endurance Aura
» actions
| Assign group hotkey | 8 | |
| Build / train | 14 | |
| Enter build submenu | 9 | |
| Enter hero's abilities submenu | 1 | |
| Right click | 110 | |
| Select / deselect | 55 | |
| Select group hotkey | 82 | |
| Use ability | 9 | |
288 total
» units
» buildings
| Altar of Storms | 1 | |
| Orc Burrow | 3 | |
| Barracks | 1 | |
| Voodoo Lounge | 2 | |
| Stronghold | 1 | |
| War Mill | 1 | |
9 total
» build order
00:08 Altar of Storms
00:21 Orc Burrow
00:36 Barracks
01:33 Orc Burrow
02:06 Voodoo Lounge
02:58 Stronghold
03:39 War Mill
03:45 Voodoo Lounge
04:12 Orc Burrow
» items
Chat log
(00:18 / Allies) Bromeister: im pro tower rusher
(00:19 / Allies) myudoicp: arch dry talons
(00:50 / Allies) Bromeister: gold plz
(00:59 / Allies) Bromeister: ty
(01:17 / Allies) myudoicp: build 3
(01:18 / Allies) myudoicp: asap
(01:41 / Allies) Bromeister: my gold
(02:18 / Allies) myudoicp: pink get defense they might hit you
(02:25 / Allies) Bromeister: ya tower up lil bit more
(02:29 / Allies) Bromeister: just one more
(02:40 / Allies) Bromeister: come support
(02:41 / Allies) Bromeister: dont show yet
(02:46 / Allies) Bromeister: wait till they discover me
(02:52 / Allies) Bromeister: harass mid
(02:53 / Allies) Bromeister: er
(02:54 / Allies) Bromeister: dont
(03:07 / Allies) Bromeister: wood
(03:24 / Allies) Bromeister: go
(03:24 / Allies) Bromeister: go
(03:26 / Allies) Bromeister: get burrows
(03:27 / Allies) Bromeister: get the burrows now
(04:28 / Allies) myudoicp: TC
(04:31 / All) Bromeister: LOL
(04:39 / All) Bromeister: gg
(05:00 / Allies) myudoicp: repair it
(05:03 / Allies) myudoicp: nvm
(05:10 / Allies) Bromeister: no
(06:29 / All) Bromeister: OL
(07:27 / Allies) Bromeister: wood plz
(07:40 / Allies) Bromeister: ty
(08:10 / All) Bromeister: lmao
(08:12 / All) Bromeister: funny game
(08:23 / 4) Bromeister: dude stay
(08:26 / 4) Bromeister: i'll backstab my team
(08:30 / 4) Bromeister: and try to get u the win
(08:32 / 4) Bromeister: just mass towers in base